cohdb
Replays
Latest Replays
All Replays
Popular Replays
Top Player Replays
Match Explorer
How It Works
Community
CoH3 Stats
Reddit
Sign in to upload your games and track your stats! →
Sign in with Steam
Match 29605890
Unlisted
Match 29605890
Overview
Messages
Build Orders
End
Construct Weapon Support Center
Selects Advanced Infantry Battlegroup
Sniper
Scout Squad
Engineer Squad
Sniper
Selects Convert to Ranger Squad
Bazooka Squad
Construct Medical Station
Bazooka Squad
Improved M9 Bazooka Rockets
Selects Convert to Ranger Squad
Selects Frontline Medical Station
Bazooka Squad
Frontline Medical Station
Bazooka Squad
Air Support Center
iAinEng
Hugunin
yunweng
Zeus
AssInspection
F5 | Upham
Kyle
Armbbking
0
0
Comments
sign in to comment!
No comments posted yet!